 Dungeon Crawl Stone Soup version 0.31.0-32-g396128a36d (webtiles) character file.

Game seed: 16884892149348859471

4 spaghetti the Caller (level 1, -3/15 HPs)
             Began as a Naga Summoner on Apr 2, 2024.
             Slain by a quokka (5 damage)
             ... on level 1 of the Dungeon.
             The game lasted 00:00:21 (102 turns).

spaghetti the Caller (Naga Summoner)                 Turns: 102, Time: 00:00:22

Health: -3/15      AC:  1    Str: 10    XL:     1   Next: 70%
Magic:  1/3        EV: 10    Int: 15    God:
Gold:   13         SH:  0    Dex: 17    Spells: 3/4 levels left

rFire   . . .        (no weapon)
rCold   . . .        (no shield)
rNeg    . . .        a - +0 robe
rPois   +            (no helmet)
rElec   .            (no cloak)
rCorr   .            (no gloves)
SInv    +            (no barding)
Will    .....        (no amulet)
Stlth   ++           d - +6 ring of dexterity
HPRegen 0.22/turn    (no ring)
MPRegen 0.08/turn

%: no passive effects
@: short of breath, very slow
A: AC +0, large, see invisible, deformed body, poison resistance, slowness 2,
spit poison 1, naga tail 1
a: Spit Poison


You were on level 1 of the Dungeon.
You visited 1 branch of the dungeon, and saw 1 of its levels.

You collected 13 gold pieces.

Inventory:

Armour
 a - a +0 robe (worn)
Jewellery
 d - a +6 ring of dexterity (left hand)
Scrolls
 c - a scroll of revelation {unknown}
Potions
 b - a potion of magic


   Skills:
 - Level 1.5 Dodging
 - Level 3.0 Stealth
 - Level 2.0 Spellcasting
 + Level 4.2 Summonings


You had 3 spell levels left.
You knew the following spells:

 Your Spells              Type           Power      Damage    Failure   Level
a - Summon Small Mammal   Summ           56%        N/A       3%          1

Your spell library contained the following spells:

 Spells                   Type           Power      Damage    Failure   Level
 Call Imp                 Summ           28%        N/A       6%          2
 Call Canine Familiar     Summ           14%        N/A       12%         3
 Summon Blazeheart Golem  Fire/Summ      7%         N/A       67%         4
 Summon Lightning Spire   Summ/Air       7%         N/A       67%         4


Dungeon Overview and Level Annotations

Branches:
Dungeon (1/15)

Altars:


Innate Abilities, Weirdness & Mutations

Your serpentine skin is tough. (AC +0)
You have supernaturally acute eyesight. (SInv)
Armour fits poorly on your strangely shaped body.
Your system is resistant to poisons. (rPois)
You cover ground very slowly.
You can spit poison.
You have a snake-like lower body.


Message History

You are too injured to fight recklessly!
Aiming: Spit Poison (3% risk of failure)
Press: ? - help, Shift-Dir - straight line, f - kobold
Aim: a kobold, wielding a +0 dagger and quivering stones (43% to hit)
The splash of poison hits the kobold.
The kobold is poisoned.
The kobold is severely wounded.
You kill the kobold!
The goblin closely misses you.
Unknown command.
Casting: Summon Small Mammal (safe; 4% risk of failure)
Confirm with . or Enter, or press ? or * to list all spells.
The goblin hits you with a +0 club.
Casting: Summon Small Mammal (safe; 4% risk of failure)
Confirm with . or Enter, or press ? or * to list all spells.
You have got your breath back.
The goblin hits you with a +0 club.
* * * LOW HITPOINT WARNING * * *
Your rat barely misses the goblin.
You hit the goblin.
The goblin is moderately wounded.
Your bat misses the goblin. The quokka barely misses you.
The goblin hits you with a +0 club.
* * * LOW HITPOINT WARNING * * *
Your rat bites the goblin.
The goblin dies!
Aiming: Spit Poison (3% risk of failure)
Press: ? - help, Shift-Dir - straight line, f - quokka
Aim: a quokka (ally target, 38% to hit)
The splash of poison hits the quokka.
The quokka is poisoned.
The quokka is moderately wounded.
The quokka bites you but does no damage. x2
Unknown command.
You barely miss the quokka.
The quokka is moderately wounded.
Your bat hits the quokka but does no damage.
The quokka closely misses you.
You closely miss the quokka.
The quokka is heavily wounded.
Your bat barely misses the quokka.
The quokka bites you.
You die...

....##..... ..........
# #........ #.
#>....... .
#######........ ##.
................ #.#..#
#..# ###........
#....r###.###...##.##..
#.r.@.......####.....
#..)b#...........####
#....#.?........## #
#....##......##.#####
#....##......##......
......#......#########
...#####......# ...
#........# #.##.....#


You could see a quokka (poisoned, ally target), a friendly bat (summoned) and a
friendly rat (summoned).

Vanquished Creatures
  A hobgoblin (D:1)
  A kobold (D:1)
  A quokka (D:1)
3 creatures vanquished.

Vanquished Creatures (collateral kills)
  A goblin (D:1)
1 creature vanquished.

Grand Total: 4 creatures vanquished

Notes
Turn   | Place    | Note
-------+----------+-------------------------------------------
     0 | D:1      | spaghetti the Naga Summoner began the quest for the Orb.
     0 | D:1      | Reached XP level 1. HP: 15/15 MP: 3/3
   102 | D:1      | Slain by a quokka

Illustrated notes

Levels and vault maps discovered:
D:1:      lightli_arrival_statue_moat, layout_rooms, serial_shops, shop

Action                     || total
---------------------------++-------
  Melee: Unarmed           ||     9
   Cast: Summon Small Mamm ||     4
Ability: Spit Poison       ||     3
 Armour: Robe              ||    11
  Dodge: Dodged            ||     8
